 Dungeon Sprint DCSS version bcrawl-1.17.3 (webtiles) character file.

Game seed: 1761969802693219258

5111 Freyura the Ripper (level 10, 0/64 HPs)
             Began as a Felid Monk on Oct 21, 2019.
             Was the Champion of the Shining One.
             Slain by Jory
             ... wielding a +0 great sword of electrocution
              (32 damage)
             ... in the Dungeon (Sprint IX: "|||||||||||||||||||||||||||||").
             The game lasted 00:14:36 (1180 turns).

Freyura the Ripper (Felid Monk)                     Turns: 1180, Time: 00:14:37

Health: 0/64       AC:  7    Str:  7    XL:     10   Next: 57%
Magic:  0/20       EV: 36    Int: 12    God:    the Shining One [******]
Gold:   18         SH:  0    Dex: 28    Spells: 9/9 levels left
                                        Lives:  0   Deaths: 3

rFire    . . .     SeeInvis +     - Unarmed
rCold    . . .     Gourm    .   (shield unavailable)
rNeg     + + +     Faith    .   (armour unavailable)
rPois    .         Spirit   +   (helmet unavailable)
rElec    .         Reflect  .   (cloak restricted)
rCorr    .         Harm     .   (gloves unavailable)
MR       +....     NoTele   +   (boots unavailable)
Stlth    ++........             a - amulet of guardian spirit
HPRegen  0.20/turn              u - +5 ring of protection
MPRegen  0.17/turn              w - +6 ring of dexterity

@: mesmerised, glowing, quick
A: very small, no armour, no weapons or thrown items, stealth, claws 1, fangs 3,
see invisible, carnivore, speed 1, shaggy fur 2, slow metabolism 1, sharp paws
a: Divine Shield, Cleansing Flame, Summon Divine Warrior, Renounce Religion


You were in the Dungeon.
You worshipped the Shining One.
The Shining One was exalted by your worship.
You were very full.

You visited 1 branch You collected 18 gold pieces.

Inventory:

Jewellery
 a - an amulet of guardian spirit (around neck)
 l - a +2 ring of protection
 m - a +3 ring of dexterity
 q - an uncursed ring of fire
 r - an uncursed ring of ice
 s - a +2 ring of slaying
 t - an uncursed ring of wizardry
 u - a +5 ring of protection (left paw)
 v - an uncursed ring of wizardry
 w - a +6 ring of dexterity (right paw)
Wands
 k - a wand of acid (6)
Scrolls
 e - 4 scrolls of remove curse
 h - 4 scrolls of blinking
 j - 2 scrolls of amnesia
 o - 3 scrolls of identify
 p - 5 scrolls of fear
 y - 3 scrolls of fog
Potions
 c - 6 potions of curing
 d - 3 potions of mutation
 f - 4 potions of magic
 g - 3 potions of heal wounds
 i - 2 potions of agility
 n - 2 potions of brilliance
 x - a potion of berserk rage
 z - 2 potions of haste
Comestibles
 b - a ration {!d}


   Skills:
 + Level 13.1 Fighting
 + Level 16.4 Dodging
 - Level 3.0 Stealth
 * Level 20.3 Unarmed Combat
 + Level 13.2 Invocations


You had 9 spell levels left.
You didn't know any spells.
Your spell library was empty.

Dungeon Overview and Level Annotations

Branches:
Dungeon (1/1)

Altars:
Cheibriados
Dithmenos
Elyvilon
Fedhas
Gozag
Hepliaklqana
Kikubaaqudgha
Lugonu
Makhleb
Nemelex Xobeh
Okawaru
Qazlal
Ru
Sif Muna
Trog
Uskayaw
Vehumet
Wu Jian
Xom
Yredelemnul
Zin
The Shining One
Beogh
Jiyva

Annotations:
D Jory


Innate Abilities, Weirdness & Mutations

You cannot wear almost all types of armour.
You are incapable of wielding weapons or throwing items.
Your paws allow you to move quietly. (Stealth)
You have sharp claws.
You have razor-sharp teeth.
You have supernaturally acute eyesight. (SInv)
You are carnivorous and can eat meat at any time.
You cover ground quickly.
You are covered in thick fur. (AC +2)
You have a slow metabolism.
Your sharp claws are effective at attacking unaware monsters.


Message History

You are electrocuted!
* * * LOW HITPOINT WARNING * * *
Jory closely misses you.
You feel much better. The shadow wraith hits you!
The freezing wraith completely misses you.
The freezing wraith hits you.
Jory casts a spell.
Jory attempts to bespell you!
You are mesmerised by Jory!
You scratch Jory but do no damage.
Jory is lightly damaged.
Jory completely misses you. x2
The shadow wraith completely misses you.
The freezing wraith completely misses you.
The freezing wraith closely misses you.
You scratch Jory but do no damage.
Jory is lightly damaged.
Jory hits you with a +0 great sword of electrocution!!!
Ouch! That really hurt!
You die...

♣▓▓▓▓▓▓▓▓ +..VZV@W▓
♣♣♣♣♣♣♣♣♣♣♣▓▓▓▓▓▓W▓
..................▓
▓▓▓▓▓▓▓▓▓▓▓▓▓▓▓▓▓▓▓
.....+ ▓▓▓▓▓▓
▓▓▓▓▓▓▓▓▓▓▓▓▓▓▓▓▓▓▓
p(..).............▓


You could see Jory, a shadow wraith (invisible), a freezing wraith, a vampire
and a giant cockroach zombie.

Vanquished Creatures
  Louise (D)
  A stone giant (D)
  A vampire knight (D)
  An ettin (D)
  A two-headed ogre (D)
  An ugly thing (D)
  A deep elf mage (D)
  A cane toad (D)
  2 komodo dragons (D)
  A meliai (D)
  2 trolls (D)
  A hippogriff (D)
  A dream sheep (D)
  2 blink frogs (D)
  2 basilisks (D)
  2 yaks (D)
  A shadow (D)
  A wyvern (D)
  A water moccasin (D)
  A porcupine (D)
  An orc warrior (D)
  An eye of draining (D)
  A crocodile (D)
  2 bullfrogs (D)
  A howler monkey (D)
  A hound (D)
  2 worker ants (D)
  An adder (D)
  A bat (D)
  2 bat skeletons (D)
  2 goblins (D)
  A hobgoblin (D)
  A leopard gecko skeleton (D)
  A rat (D)
43 creatures vanquished.

Vanquished Creatures (collateral kills)
  A deep troll earth mage (D)
1 creature vanquished.

Grand Total: 44 creatures vanquished

Notes
Turn   | Place    | Note
-------+----------+-------------------------------------------
     0 | D        | Freyura the Felid Monk began the quest for the Orb.
     0 | D        | Reached XP level 1. HP: 12/12 MP: 3/3
     3 | D        | Reached skill level 4 in Unarmed Combat
    38 | D        | Reached skill level 5 in Dodging
    38 | D        | Reached skill level 5 in Unarmed Combat
    38 | D        | Reached XP level 2. HP: 17/17 MP: 4/4
    38 | D        | Reached skill level 6 in Unarmed Combat
    38 | D        | Reached XP level 3. HP: 21/21 MP: 5/5
    38 | D        | Reached skill level 5 in Fighting
    38 | D        | Reached skill level 9 in Unarmed Combat
    38 | D        | Reached XP level 4. HP: 27/27 MP: 6/6
    38 | D        | Reached XP level 5. HP: 30/30 MP: 7/7
    38 | D        | Noticed a hippogriff
    55 | D        | Killed a hippogriff
   113 | D        | Found a roughly hewn altar of Beogh.
   113 | D        | Found a snail-covered altar of Cheibriados.
   113 | D        | Found a shadowy altar of Dithmenos.
   113 | D        | Found a white marble altar of Elyvilon.
   113 | D        | Found a blossoming altar of Fedhas.
   113 | D        | Found an opulent altar of Gozag.
   114 | D        | Found a hazy altar of Hepliaklqana.
   115 | D        | Found a viscous altar of Jiyva.
   116 | D        | Found an ancient bone altar of Kikubaaqudgha.
   117 | D        | Found a corrupted altar of Lugonu.
   118 | D        | Found a burning altar of Makhleb.
   119 | D        | Found a sparkling altar of Nemelex Xobeh.
   120 | D        | Found an iron altar of Okawaru.
   121 | D        | Found a stormy altar of Qazlal.
   122 | D        | Found a sacrificial altar of Ru.
   123 | D        | Found a shimmering blue altar of Sif Muna.
   124 | D        | Found a bloodstained altar of Trog.
   125 | D        | Found a hide-covered altar of Uskayaw.
   126 | D        | Found a radiant altar of Vehumet.
   127 | D        | Found an ornate altar of the Wu Jian Council.
   128 | D        | Found a shimmering altar of Xom.
   129 | D        | Found a basalt altar of Yredelemnul.
   130 | D        | Found a glowing silver altar of Zin.
   131 | D        | Found a glowing golden altar of the Shining One.
   139 | D        | Became a worshipper of the Shining One
   139 | D        | Reached * piety under the Shining One
   139 | D        | Reached ** piety under the Shining One
   158 | D        | Reached skill level 10 in Unarmed Combat
   158 | D        | Noticed an eye of draining
   158 | D        | Noticed a bullfrog
   158 | D        | Gained mutation: You are covered in thick fur. (AC +2)
                  | [Felid growth]
   158 | D        | Reached XP level 6. HP: 37/37 MP: 7/10
   158 | D        | Noticed an orc warrior
   158 | D        | Reached *** piety under the Shining One
   158 | D        | Reached skill level 11 in Unarmed Combat
   158 | D        | Noticed a shadow
   161 | D        | Killed a shadow
   174 | D        | Killed an orc warrior
   187 | D        | Killed an eye of draining
   262 | D        | Reached skill level 12 in Unarmed Combat
   262 | D        | Reached skill level 5 in Invocations
   262 | D        | Reached XP level 7. HP: 42/42 MP: 9/12
   262 | D        | Noticed a troll
   262 | D        | Reached **** piety under the Shining One
   262 | D        | Reached skill level 10 in Dodging
   262 | D        | Noticed a troll
   262 | D        | Reached skill level 13 in Unarmed Combat
   262 | D        | Reached XP level 8. HP: 48/48 MP: 9/14
   262 | D        | Noticed a two-headed ogre
   262 | D        | Reached skill level 14 in Unarmed Combat
   262 | D        | Noticed a brown ugly thing
   262 | D        | Reached ***** piety under the Shining One
   271 | D        | Killed a brown ugly thing
   295 | D        | Killed a two-headed ogre
   299 | D        | Killed a troll
   302 | D        | Killed a troll
   490 | D        | Noticed a wyvern
   490 | D        | Noticed a yak
   490 | D        | Noticed a cane toad
   491 | D        | Reached skill level 15 in Unarmed Combat
   491 | D        | Noticed a blink frog
   498 | D        | Killed a cane toad
   502 | D        | Reached XP level 9. HP: 35/53 MP: 12/16
   784 | D        | Noticed a five-headed hydra
   784 | D        | Reached skill level 10 in Fighting
   784 | D        | Noticed a komodo dragon
   784 | D        | Reached skill level 16 in Unarmed Combat
   784 | D        | Noticed a komodo dragon
   792 | D        | Killed a komodo dragon
   809 | D        | Killed a komodo dragon
   812 | D        | HP: 2/55 [five-headed hydra (12)]
   813 | D        | Slain by a five-headed hydra
   814 | D        | Reached XP level 8. HP: -1/51 MP: 0/16
   903 | D        | Reached skill level 10 in Invocations
   903 | D        | Noticed a kobold demonologist
   903 | D        | Reached ****** piety under the Shining One
   903 | D        | Reached XP level 9. HP: 55/55 MP: 17/17
   903 | D        | Noticed a brown ugly thing
   903 | D        | Noticed a meliai
   903 | D        | Noticed a deep elf mage
   909 | D        | Killed a deep elf mage
   910 | D        | Reached skill level 17 in Unarmed Combat
   910 | D        | Noticed a skeletal warrior
   917 | D        | Killed a meliai
   918 | D        | Splashed by a brown ugly thing's acid
   919 | D        | Reached XP level 8. HP: -5/51 MP: 0/16
   968 | D        | Reached XP level 9. HP: 56/56 MP: 16/18
   968 | D        | Noticed a stone giant
   968 | D        | Noticed a necromancer
   968 | D        | Reached skill level 18 in Unarmed Combat
   968 | D        | Noticed a vampire knight
   968 | D        | Noticed an ettin
   968 | D        | Reached XP level 10. HP: 62/62 MP: 16/19
   968 | D        | Noticed a stone giant
   968 | D        | Reached skill level 15 in Dodging
   968 | D        | Noticed a deep troll earth mage
   974 | D        | Killed a deep troll earth mage
   981 | D        | Noticed a shadow dragon
   986 | D        | Killed a vampire knight
   991 | D        | Reached skill level 19 in Unarmed Combat
   991 | D        | Noticed a titan
   993 | D        | Killed a stone giant
   994 | D        | Noticed a storm dragon
   995 | D        | Noticed a spriggan air mage
  1002 | D        | Killed an ettin
  1002 | D        | Killed from afar by a spriggan air mage
  1003 | D        | Reached XP level 9. HP: -3/58 MP: 0/19
  1032 | D        | Found the +2 cloak of the Thief {+Fog Slay-2 SInv Stlth+}
  1114 | D        | Reached XP level 10. HP: 63/63 MP: 20/20
  1114 | D        | Noticed Louise
  1125 | D        | Killed Louise
  1171 | D        | Reached skill level 20 in Unarmed Combat
  1171 | D        | Noticed Jory
  1177 | D        | Noticed a shadow wraith
  1180 | D        | Slain by Jory

Skill      XL: |  1  2  3  4  5  6  7  8  9 10 |
---------------+-------------------------------+-----
Unarmed Combat | 5 6 9 10 12 13 15 18 20 | 20.3
Dodging        | 5 7 8 9 10 14 16 15 | 16.4
Fighting       | 4 5 6 7 8 11 10 13 | 13.1
Invocations    | 4 5 7 10 11 13 | 13.2
Stealth        | |  3.0

Action                   |  1- 3 |  4- 6 |  7- 9 | 10-12 || total
-------------------------+-------+-------+-------+-------++-------
Melee: Unarmed           |    17 |    60 |   113 |    29 ||   219
       Bite              |     1 |     7 |    15 |     8 ||    31
       Punch             |       |     1 |    11 |     7 ||    19
Invok: Divine Shield     |       |       |     2 |     1 ||     3
       Summon Divine War |       |       |       |     1 ||     1
Evoke: Wand              |       |       |       |     4 ||     4
  Use: Potion            |       |     2 |     6 |     1 ||     9
 Stab: Sleeping          |     1 |       |       |       ||     1
  Eat: Chunk             |     6 |       |     1 |     4 ||    11
Armor: Skin              |     2 |     1 |     2 |       ||     5
Dodge: Dodged            |    11 |    38 |    91 |    20 ||   160
Block: Other             |       |       |     6 |    11 ||    17
